 Dungeon Crawl Stone Soup version 0.28.0 (webtiles) character file.

Game seed: 319548740817114259

294940 Kaptain the Earth Mage (level 20, -5/124 HPs)
             Began as a Gargoyle Earth Elementalist on Feb 11, 2022.
             Slain by a juggernaut (55 damage)
             ... on level 1 of the Depths.
             The game lasted 03:37:48 (64474 turns).

Kaptain the Earth Mage (GrEE)                      Turns: 64474, Time: 03:37:49

Health: -5/124     AC: 23    Str: 16    XL:     20   Next: 87%
Magic:  13/48      EV: 12    Int: 25    God:
Gold:   4309       SH:  8    Dex:  8    Spells: 6/49 levels left

rFire   + . .      SeeInvis +   J - +6 long sword "Ojouhabb" {drain, Int+2 Dex+3}
rCold   + + +      Faith    .   V - +2 buckler {rC+}
rNeg    + . .      Spirit   .   M - +0 leather armour {Will+}
rPois   ∞          Reflect  .   a - +0 helmet of the Slightly Bent {+Blink rC+ Dex-5}
rElec   +          Harm     .   A - scarf {rC+ rF+}
rCorr   .          Rampage  .   (no gloves)
Will    ++...                   p - +0 pair of boots
Stlth   +++++.....              Z - amulet of magic regeneration
HPRegen 0.30/turn               S - ring of magical power
MPRegen 0.71/turn               B - ring of see invisible

@: flying
A: sickness immunity, AC +15, big wings, negative energy resistance 1,
electricity resistance, torment resistance 1, petrification resistance, talons
1, strong 1
}: 2/15 runes: decaying, gossamer
a: Evoke Blink


You were on level 1 of the Depths.
You visited 8 branches of the dungeon, and saw 36 of its levels.
You also visited: Ice Cave and Wizlab.

You collected 5677 gold pieces.
You spent 1368 gold pieces at shops.

Inventory:

Hand Weapons
 x - a +4 flail of holy wrath
 J - the +6 long sword "Ojouhabb" (weapon) {drain, Int+2 Dex+3}
   (You found it on level 1 of the Spider Nest)

   A truly terrible weapon, it drains the life of any living foe it strikes.
   Int:       It affects your intelligence (+2).
   Dex:       It affects your dexterity (+3).
 L - a +2 double sword of freezing
Missiles
 y - 703 stones
Armour
 a - the +0 helmet of the Slightly Bent (worn) {+Blink rC+ Dex-5}
   (You found it on level 3 of the Elven Halls)

   Dex:       It affects your dexterity (-5).
   rC:        It protects you from cold.
   +Blink:    It lets you blink.
 d - +0 acid dragon scales
 p - a +0 pair of boots (worn)
 A - a scarf of resistance (worn)
 M - a +0 leather armour of willpower (worn)
 V - a +2 buckler of cold resistance (worn)
Magical Staves
 h - a staff of earth
 k - a staff of conjuration
Jewellery
 g - a +6 ring of intelligence
 i - a +4 ring of protection
 v - a ring of protection from fire
 B - a ring of see invisible (right hand)
 I - a ring of resist corrosion
 O - an amulet of reflection
 S - a ring of magical power (left hand)
 Z - an amulet of magic regeneration (around neck)
Wands
 b - a wand of paralysis (26)
 s - a wand of mindburst (7)
 u - a wand of acid (10)
 w - a wand of iceblast (7)
Scrolls
 e - 2 scrolls of silence
 f - 6 scrolls of enchant weapon
 m - 9 scrolls of immolation
 n - 15 scrolls of identify
 o - 16 scrolls of enchant armour
 q - 10 scrolls of fear
 t - 2 scrolls of blinking
 D - 10 scrolls of teleportation
 H - 3 scrolls of magic mapping
 N - a scroll of acquirement
 T - 3 scrolls of amnesia
 W - 4 scrolls of fog
 X - 2 scrolls of summoning
Potions
 j - 4 potions of might
 r - 2 potions of mutation
 E - a potion of resistance
 F - 4 potions of invisibility
 G - 10 potions of curing
 K - 2 potions of heal wounds
 P - 3 potions of berserk rage
 R - 2 potions of cancellation
 U - 4 potions of magic
 Y - 13 potions of ambrosia
Miscellaneous
 c - a condenser vane
 l - a lightning rod (4/4)
 z - a phial of floods
 Q - a phantom mirror


   Skills:
 - Level 13.0 Fighting
 - Level 12.6 Armour
 - Level 6.6 Dodging
 - Level 14.1 Stealth
 - Level 10.0 Shields
 * Level 15.3 Spellcasting
 * Level 17.9 Conjurations
 - Level 0.7 Transmutations
 - Level 12.9 Fire Magic
 * Level 19.7 Earth Magic


You had 6 spell levels left.
You knew the following spells:

 Your Spells              Type           Power      Damage    Failure   Level
a - Sandblast             Erth           100%       2d20      0%          1
b - Stone Arrow           Conj/Erth      100%       3d13      0%          3
c - Sticky Flame          Conj/Fire      77%        2d9       1%          4
d - Blink                 Tloc           38%        N/A       6%          2
e - Fireball              Conj/Fire      38%        3d16      1%          5
f - Orb of Destruction    Conj           41%        9d11      2%          7
g - Swiftness             Air            19%        N/A       12%         3
h - Iron Shot             Conj/Erth      42%        9d8       1%          6
i - Mephitic Cloud        Conj/Pois/Air  49%        N/A       1%          3
j - Shatter               Erth           43%        3d34*     77%         9

Your spell library contained the following spells:

 Spells                   Type           Power      Damage    Failure   Level
 Magic Dart               Conj           100%       1d8       0%          1
 Shock                    Conj/Air       100%       1d9       1%          1
 Passwall                 Tmut/Erth      52%        N/A       1%          2
 Scorch                   Fire           100%       2d10      1%          2
 Static Discharge         Conj/Air       59%        N/A       1%          2
 Ignite Poison            Fire/Tmut/Pois 41%        N/A       1%          3
 Inner Flame              Hex/Fire       51%        N/A       1%          3
 Hailstorm                Conj/Ice       59%        3d13      1%          4
 Petrify                  Tmut/Erth      63%        N/A       1%          4
 Iskenderun's Battlesphe  Conj           83%        2d13      1%          5
 Starburst                Conj/Fire      38%        6d11      1%          6
 Irradiate                Conj/Tmut      30%        3d23      2%          5
 Lightning Bolt           Conj/Air       29%        1d46      2%          5
 Beastly Appendage        Tmut           44%        N/A       3%          1
 Animate Skeleton         Necr           38%        N/A       4%          1
 Apportation              Tloc           38%        N/A       4%          1
 Freeze                   Ice            76%        1d9       4%          1
 Pain                     Necr           76%        1d7       4%          1
 Slow                     Hex            76%        N/A       4%          1
 Summon Small Mammal      Summ           76%        N/A       4%          1
 Call Imp                 Summ           19%        N/A       6%          2
 Corpse Rot               Necr/Air       38%        N/A       6%          2
 Ensorcelled Hibernation  Hex/Ice        38%        N/A       6%          2
 Freezing Cloud           Conj/Ice/Air   24%        6-21      10%         5
 Confusing Touch          Hex            19%        N/A       12%         3
 Frozen Ramparts          Ice            38%        1d5       12%         3
 Portal Projectile        Hex/Tloc       38%        N/A       12%         3
 Vampiric Draining        Necr           19%        2d7       12%         3
 Conjure Ball Lightning   Conj/Air       29%        3x3d8     16%         6
 Airstrike                Air            9%         N/A       36%         4
 Animate Dead             Necr           9%         N/A       36%         4
 Cause Fear               Hex            9%         N/A       36%         4
 Dispel Undead            Necr           19%        3d11      36%         4
 Passage of Golubria      Tloc           19%        N/A       36%         4
 Summon Ice Beast         Ice/Summ       19%        N/A       36%         4
 Summon Lightning Spire   Summ/Air       19%        N/A       36%         4
 Blade Hands              Tmut           11%        N/A       63%         5
 Yara's Violent Unravell  Hex/Tmut       10%        3d6       67%         5
 Excruciating Wounds      Necr           9%         N/A       73%         5
 Manifold Assault         Tloc           19%        N/A       73%         5
 Metabolic Englaciation   Hex/Ice        9%         N/A       73%         5
 Silence                  Hex/Air        9%         N/A       73%         5
 Death Channel            Necr           9%         N/A       99%         6
 Dispersal                Tloc           9%         N/A       99%         6
 Eringya's Noxious Bog    Tmut/Pois      10%        N/A       99%         6
 Simulacrum               Ice/Necr       9%         N/A       99%         6
 Lehudib's Crystal Spear  Conj/Erth      42%        10d10     12%         8
 Spellforged Servitor     Conj/Summ      29%        N/A       65%         7
 Ignition                 Fire           35%        3d11      80%         8
 Dragon Form              Tmut           11%        N/A       100%        7
 Enfeeble                 Hex            9%         N/A       100%        7
 Haunt                    Necr/Summ      9%         N/A       100%        7
 Malign Gateway           Summ/Tloc      9%         N/A       100%        7
 Storm Form               Tmut/Air       10%        N/A       100%        7
 Disjunction              Tloc           9%         N/A       100%        8
 Infestation              Necr           9%         N/A       100%        8
 Maxwell's Capacitive Co  Air            9%         ∞         100%        8
 Dragon's Call            Summ           9%         N/A       100%        9
 Polar Vortex             Ice            9%         N/A       100%        9
 Sublimation of Blood     Necr           Unusable   N/A       N/A         2

Dungeon Overview and Level Annotations

Branches:
Dungeon (15/15)            Temple (0/1) D:7            Lair (6/6) D:9
  Swamp (4/4) Lair:2       Spider (4/4) Lair:2        Slime (0/5) Lair:6
    Orc (2/2) D:11            Elf (3/3) Orc:2        Vaults (1/5) D:14
 Depths (1/4) D:15          IceCv (visited)          WizLab (visited)

Altars:
Cheibriados
Dithmenos
Gozag
Qazlal
Wu Jian
Zin
Beogh

Shops:
D:9 *   D:14 ?(   D:15 [   Orc:1 =   Orc:2 *[:   Elf:2 [   Elf:3 ((

Portals:
Abyss: Swamp:2

Annotations:
Swamp:2 2 transporters, swinepaste's ghost, journeyman DsMo


Innate Abilities, Weirdness & Mutations

You are immune to sickness and miasma.
Your stone body is resilient. (AC +15)
You are immune to poison.
Your large and strong wings let you fly.
You resist negative energy. (rN+)
You are resistant to electric shocks. (rElec)
You are resistant to unholy torment.
You are immune to petrification.
You have sharp toenails.
Your muscles are strong. (Str +2)


Message History

Confirm with . or Enter, or press ? or * to list all spells.
Aiming: Iron Shot (mildly dangerous; 1% risk of failure)
Press: ? - help, Shift-Dir - straight line, f/p - juggernaut
Aim: a juggernaut (moderately wounded, 92% to hit)
The iron shot misses the juggernaut.
The iron troll falls through a shaft!
The shaft crumbles and collapses.
Casting: Iron Shot (mildly dangerous; 1% risk of failure)
Confirm with . or Enter, or press ? or * to list all spells.
Aiming: Iron Shot (mildly dangerous; 1% risk of failure)
Press: ? - help, Shift-Dir - straight line, f/p - juggernaut
Aim: a juggernaut (moderately wounded, 92% to hit)
The iron shot hits the juggernaut!!
The juggernaut is heavily wounded.
The juggernaut misses you. The juggernaut hits you.
Unknown command.
Casting: Iron Shot (mildly dangerous; 1% risk of failure)
Confirm with . or Enter, or press ? or * to list all spells.
Aiming: Iron Shot (mildly dangerous; 1% risk of failure)
Press: ? - help, Shift-Dir - straight line, f/p - juggernaut
Aim: a juggernaut (heavily wounded, 92% to hit)
The iron shot hits the juggernaut!!!
The juggernaut is severely wounded.
Unknown command.
Casting: Iron Shot (mildly dangerous; 1% risk of failure)
Confirm with . or Enter, or press ? or * to list all spells.
Aiming: Iron Shot (mildly dangerous; 1% risk of failure)
Press: ? - help, Shift-Dir - straight line, f/p - juggernaut
Aim: a juggernaut (severely wounded, 92% to hit)
The iron shot hits the juggernaut!!
The juggernaut is severely wounded.
Unknown command.
Casting: Iron Shot (mildly dangerous; 1% risk of failure)
Confirm with . or Enter, or press ? or * to list all spells.
Aiming: Iron Shot (mildly dangerous; 1% risk of failure)
Press: ? - help, Shift-Dir - straight line, f/p - juggernaut
Aim: a juggernaut (severely wounded, 92% to hit)
The iron shot hits the juggernaut!!
The juggernaut is almost dead.
The juggernaut hits you!!!
You die...

#...##.###.##...# #.#.#.
#.#......(....#.## #....D.
..##/###.###.##..####...#
#...............###...#
##.###.###.###.##...#...#
##.###.# ####......###..C.;D
.......# ###....#####.#.#. .#.
##.#########....C###.###.......#
#.# ###........@##...###..#..# #
#.###....###.....#....###...# #.
#.#......# #....##.....###.###≈≈
#...##.#######.<#.............≈≈
######.##..#..≈...............(.
#°##....≈≈≈≈.......>.....≈≈
#§#....................≈≈≈≈
###................^...≈≈≈≈
#....[...............≈≈≈.


You could see a juggernaut.

Vanquished Creatures
  Bai Suzhen (Swamp:4)
  A Head Instructor (WizLab)
  A tentacled monstrosity (Swamp:1)
  Mlioglotl (Spider:1)
  4 deep elf blademasters
  A quicksilver dragon (WizLab)
  A deep elf master archer (Elf:3)
  A tengu reaver (WizLab)
  Frances (D:12)
  Agnes (D:14)
  2 thorn hunters (Swamp:4)
  Donald (Swamp:4)
  2 draconian knights (WizLab)
  5 emperor scorpions
  An orc warlord (Orc:1)
  9 deep elf sorcerers
  Aizul (Lair:2)
  2 ghost moths
  3 deep elf elementalists
  An ironbound preserver (Vaults:1)
  3 vampire knights (WizLab)
  A stone giant (Depths:1)
  2 eleionomae
  6 deep elf demonologists
  5 entropy weavers
  9 deep elf annihilators
  A dire elephant (D:15)
  3 spark wasps
  4 bunyips
  Josephine (Swamp:1)
  5 deep elf death magi (Elf:3)
  A fire dragon (D:15)
  A yaktaur captain (D:14)
  6 deep elf high priests (Elf:3)
  A great orb of eyes (Depths:1)
  2 ironbound frosthearts (IceCv)
  Erolcha (D:12)
  6 ogre magi
  21 hydras
  Harold (D:7)
  6 centaur warriors
  4 boulder beetles
  A jorogumo (Spider:1)
  2 ghost crabs
  4 catoblepae
  14 dancing weapons
  12 alligators
  Erica (D:9)
  9 death scarabs (Spider:4)
  16 death yaks
  An orc high priest (Orc:2)
  3 vampire magi (WizLab)
  A tengu warrior (D:14)
  22 two-headed ogres
  A spriggan berserker (Swamp:4)
  A hell knight (WizLab)
  Sonja (D:11)
  8 deep elf knights
  6 pharaoh ants
  8 skeletal warriors
  3 goliath frogs
  3 salamander mystics (WizLab)
  9 swamp dragons (Swamp:4)
  10 orb spiders
  7 steelbarb worms
  6 spriggan druids
  4 deep elf archers
  A deep troll (Vaults:1)
  An orc knight (D:15)
  3 bog bodies (Swamp:4)
  Pikel (D:7)
  2 spectral jorogumos (Spider:4)
  A wizard (WizLab)
  26 deep elf pyromancers
  A lindwurm (Lair:5)
  24 deep elf zephyrmancers
  2 spectral wolf spiders (Spider:4)
  A wolf spider zombie (Spider:4)
  3 necromancers (WizLab)
  27 ugly things
  6 mana vipers (WizLab)
  15 wolf spiders
  2 oklob plants
  A cyclops (D:15)
  5 orc sorcerers
  2 will-o-the-wisps (Swamp:2)
  6 moths of wrath
  Maurice (D:13)
  5 manticores
  A vault sentinel (D:14)
  A naga mage (WizLab)
  11 elephants
  Joseph (D:7)
  4 black mambas
  An ice statue (IceCv)
  A gargoyle (D:13)
  8 torpor snails
  12 cane toads
  2 spectral redbacks (Spider:4)
  6 kobold demonologists
  10 rime drakes
  2 unseen horrors
  11 komodo dragons
  3 redback zombies (Spider:4)
  8 demonic crawlers
  6 yaktaurs
  A bloated husk (Swamp:2)
  6 trolls
  18 meliai
  A queen bee (Lair:2)
  10 tyrant leeches
  15 polar bears
  2 culicivora zombies (Spider:4)
  2 tarantella zombies (Spider:4)
  12 hornets
  A spectral culicivora (Spider:4)
  2 spectral tarantellas (Spider:4)
  5 jumping spider zombies (Spider:4)
  17 blink frogs
  A spectral jumping spider (Spider:4)
  18 tarantellas
  A blink frog (shapeshifter) (D:15)
  7 slime creatures
  2 dream sheep (Lair:6)
  12 jumping spiders
  2 air elementals (Elf:1)
  16 culicivoras
  2 shadows
  10 spriggans (Swamp:1)
  A vampire (D:14)
  6 wraiths
  A fire elemental (Elf:3)
  A water elemental (Depths:1)
  A wyvern (shapeshifter) (D:15)
  8 basilisks
  78 yaks
  15 wyverns
  A redback (shapeshifter) (Elf:1)
  48 redbacks
  13 vampire mosquitoes
  16 swamp worms
  An acid dragon (D:9)
  2 wargs (Orc:2)
  19 water moccasins
  A hell hound (Lair:4)
  2 black bears
  4 swamp drakes (Swamp:4)
  A sky beast (D:8)
  13 orc warriors
  A necrophage (D:8)
  25 ogres
  43 wolves
  12 centaurs
  2 lemures (D:6)
  3 kobold brigands
  16 bullfrogs
  3 earth elementals
  2 gnoll sergeants
  2 scorpions (D:5)
  26 killer bees
  10 wights
  3 howler monkeys (D:10)
  3 jellies
  6 orc priests
  A hound (D:5)
  4 centaur zombies
  2 gnoll shamans
  8 orc wizards
  15 hell rats
  A killer bee zombie (D:8)
  A howler monkey zombie (D:10)
  13 gnolls
  7 adders
  A white imp (D:4)
  2 worms
  3 dart slugs
  34 orcs
  8 ball pythons
  7 endoplasms
  4 giant cockroaches
  5 goblins
  7 hobgoblins
  A quokka (D:4)
  3 bats
  6 frilled lizards
  33 kobolds
  A quokka skeleton (D:4)
  10 rats
1236 creatures vanquished.

Vanquished Creatures (collateral kills)
  A cane toad (Lair:5)
  4 yaks (Lair:5)
5 creatures vanquished.

Vanquished Creatures (others)
  A spriggan air mage (WizLab)
  A demonic crawler (Lair:2)
  A bloated husk (Swamp:4)
  A jumping spider (Spider:3)
  A bush (Lair:6)
  62 fungi
  92 plants
159 creatures vanquished.

Grand Total: 1400 creatures vanquished

Notes
Turn   | Place    | Note
-------+----------+-------------------------------------------
     0 | D:1      | Kaptain the Gargoyle Earth Elementalist began the quest for
                  | the Orb.
     0 | D:1      | Reached XP level 1. HP: 10/10 MP: 3/3
   136 | D:1      | Found a faded altar of an unknown god.
   249 | D:1      | Reached XP level 2. HP: 15/15 MP: 3/5
   699 | D:1      | Reached skill level 4 in Earth Magic
  1050 | D:1      | Reached XP level 3. HP: 20/20 MP: 4/6
  1225 | D:1      | You fall into a shaft and drop 1 floor!
  2021 | D:2      | Learned a level 3 spell: Stone Arrow
  2338 | D:3      | Reached skill level 1 in Fighting
  2338 | D:3      | Reached XP level 4. HP: 25/25 MP: 5/7
  2548 | D:3      | Reached skill level 1 in Armour
  2548 | D:3      | Reached skill level 1 in Conjurations
  2799 | D:3      | Reached XP level 5. HP: 27/29 MP: 1/9
  3377 | D:4      | Found a glowing silver altar of Zin.
  3878 | D:4      | Reached XP level 6. HP: 35/35 MP: 5/10
  4252 | D:5      | Entered Level 5 of the Dungeon
  4516 | D:5      | Noticed a black bear
  4520 | D:5      | Killed a black bear
  4521 | D:5      | Reached skill level 5 in Earth Magic
  4759 | D:5      | Found a stormy altar of Qazlal.
  4872 | D:5      | Reached XP level 7. HP: 40/40 MP: 3/12
  5557 | D:5      | Found a snail-covered altar of Cheibriados.
  5650 | D:6      | Found an opulent altar of Gozag.
  6340 | D:6      | Reached XP level 8. HP: 29/45 MP: 2/14
  6516 | D:6      | Found a shadowy altar of Dithmenos.
  6755 | D:6      | Reached skill level 6 in Earth Magic
  6931 | D:7      | Found a staircase to the Ecumenical Temple.
  7057 | D:7      | Noticed a boulder beetle
  7065 | D:7      | Noticed Joseph
  7066 | D:7      | Noticed Pikel
  7337 | D:7      | Noticed Harold
  7361 | D:7      | Killed Harold
  7362 | D:7      | Reached skill level 5 in Conjurations
  7362 | D:7      | Reached skill level 7 in Earth Magic
  7362 | D:7      | Reached XP level 9. HP: 17/52 MP: 1/16
  7363 | D:7      | Reached skill level 5 in Spellcasting
  7966 | D:7      | Killed Joseph
  7967 | D:7      | Reached skill level 5 in Stealth
  8919 | D:7      | Killed Pikel
  8920 | D:7      | Reached skill level 8 in Earth Magic
  9523 | D:8      | Reached XP level 10. HP: 58/58 MP: 17/19
  9615 | D:8      | Noticed a kobold demonologist
  9744 | D:8      | Killed a kobold demonologist
 10186 | D:9      | Reached skill level 5 in Fighting
 10521 | D:9      | Noticed Erica
 10560 | D:9      | Reached skill level 5 in Armour
 10560 | D:9      | Reached skill level 9 in Earth Magic
 10684 | D:9      | Found a staircase to the Lair.
 10831 | D:9      | Paralysed by Erica for 6 turns
 10839 | D:9      | Killed Erica
 11017 | D:9      | Noticed a death yak
 11180 | D:9      | Noticed an elephant
 11198 | D:8      | Killed an elephant
 11199 | D:8      | Reached XP level 11. HP: 60/64 MP: 10/21
 11355 | D:9      | Found Noaze's General Store.
 11721 | Lair:1   | Entered Level 1 of the Lair of Beasts
 11892 | Lair:1   | Reached skill level 10 in Earth Magic
 12008 | D:9      | Killed a death yak
 12478 | Lair:1   | Reached skill level 5 in Dodging
 13764 | Lair:1   | You fall into a shaft and drop 1 floor!
 14021 | Lair:2   | Reached XP level 12. HP: 50/71 MP: 17/24
 14368 | Lair:2   | Reached skill level 11 in Earth Magic
 14491 | Lair:2   | Found a staircase to the Swamp.
 15170 | Lair:2   | Found a hole to the Spider Nest.
 15558 | Lair:3   | Noticed a four-headed hydra
 15561 | Lair:3   | Killed a four-headed hydra
 15611 | Lair:3   | Learned a level 4 spell: Sticky Flame
 15614 | Lair:3   | Learned a level 2 spell: Blink
 15878 | Lair:3   | Noticed a five-headed hydra
 15886 | Lair:3   | Killed a five-headed hydra
 16220 | Lair:3   | Reached skill level 10 in Conjurations
 16586 | Lair:3   | Learned a level 5 spell: Fireball
 16845 | Lair:3   | Reached skill level 1 in Fire Magic
 17701 | Lair:4   | Reached skill level 12 in Earth Magic
 17957 | Lair:4   | Reached XP level 13. HP: 76/76 MP: 19/26
 20160 | Lair:5   | Found a frozen archway.
 20173 | IceCv    | Entered an ice cave
 20627 | IceCv    | Reached skill level 10 in Spellcasting
 20637 | IceCv    | Reached skill level 13 in Earth Magic
 21518 | IceCv    | Gained mutation: Your large and strong wings let you fly.
                  | [Gargoyle growth]
 21518 | IceCv    | Reached XP level 14. HP: 84/84 MP: 21/28
 21554 | IceCv    | Reached skill level 5 in Fire Magic
 22562 | IceCv    | Identified the +1 dagger "Bops" {pain, rElec}
 23325 | Lair:5   | Reached skill level 1 in Shields
 24606 | Lair:6   | Entered Level 6 of the Lair of Beasts
 25462 | Lair:6   | Reached skill level 14 in Earth Magic
 25714 | Lair:6   | Found a staircase to the Slime Pits.
 25961 | Lair:5   | Reached skill level 10 in Stealth
 26465 | Lair:6   | Reached XP level 15. HP: 84/90 MP: 18/29
 27872 | D:10     | Entered Level 10 of the Dungeon
 27922 | D:10     | Found an ornate altar of the Wu Jian Council.
 28935 | D:11     | Identified the +4 falchion of Veddithry {vorpal, rPois
                  | Stlth+}
 28957 | D:11     | Identified the +0 chain mail of Yssoyj {rPois rF- Regen+
                  | Dex+6}
 29391 | D:11     | Noticed Sonja
 29395 | D:11     | Killed Sonja
 29431 | D:11     | Found a staircase to the Orcish Mines.
 29653 | Orc:1    | Entered Level 1 of the Orcish Mines
 29823 | Orc:2    | Entered Level 2 of the Orcish Mines
 29891 | Orc:2    | Noticed an orc warlord
 30047 | Orc:1    | Killed an orc warlord
 31229 | Orc:1    | Found Jyick's Jewellery Shop.
 31230 | Orc:1    | Paralysed by an orc sorcerer for 6 turns
 31291 | Orc:1    | Bought a ring of see invisible for 210 gold pieces
 31601 | Orc:2    | Found a staircase to the Elven Halls.
 31607 | Orc:2    | Reached skill level 15 in Earth Magic
 32018 | Orc:2    | Reached XP level 16. HP: 86/97 MP: 4/31
 32097 | Orc:2    | Found Birutz's General Store.
 32097 | Orc:2    | Found Ulejibew's Book Emporium.
 32099 | Orc:2    | Found Isau's Antique Armour Emporium.
 32099 | Orc:2    | Found Coffeeh's General Store.
 32114 | Orc:2    | Bought a book of the Moon for 560 gold pieces
 32712 | Swamp:1  | Entered Level 1 of the Swamp
 32715 | Swamp:1  | Reached skill level 10 in Fighting
 32725 | Lair:2   | Reached skill level 5 in Shields
 33686 | Swamp:1  | Noticed Josephine
 33695 | Swamp:1  | Killed Josephine
 33833 | Swamp:1  | Noticed a tentacled monstrosity
 33894 | Lair:2   | Learned a level 7 spell: Orb of Destruction
 33903 | Swamp:1  | Killed a tentacled monstrosity
 34296 | Swamp:2  | Noticed a tentacled starspawn
 34298 | Swamp:2  | Reached skill level 10 in Armour
 34747 | Swamp:2  | Found a transporter.
 34747 | Swamp:2  | Found a transporter.
 34805 | Swamp:2  | Learned a level 3 spell: Swiftness
 34826 | Swamp:2  | Noticed a tentacled monstrosity
 34911 | Swamp:2  | Found a one-way gate to the infinite horrors of the Abyss.
 34918 | Swamp:2  | Noticed swinepaste's ghost (journeyman DsMo)
 35872 | Swamp:4  | Entered Level 4 of the Swamp
 36029 | Swamp:4  | Reached skill level 16 in Earth Magic
 36774 | Swamp:4  | Noticed Donald
 37092 | Swamp:4  | Killed Donald
 37227 | Swamp:4  | Reached XP level 17. HP: 101/103 MP: 14/33
 37642 | Swamp:4  | Reached skill level 10 in Fire Magic
 38068 | Swamp:4  | Noticed Bai Suzhen
 38233 | Swamp:4  | Killed Bai Suzhen
 38523 | Swamp:4  | Got a decaying rune of Zot
 39505 | D:12     | Noticed Erolcha
 39510 | D:12     | Killed Erolcha
 39915 | D:12     | Noticed Frances
 39921 | D:12     | Killed Frances
 39922 | D:12     | Reached skill level 15 in Conjurations
 39993 | D:12     | Identified the +7 dagger "Xukar" {vorpal, Int+4}
 40335 | D:13     | Noticed Maurice
 40338 | D:13     | Killed Maurice
 40895 | D:14     | Found a gate to the Vaults.
 41801 | D:14     | Found Messod's Weapon Emporium.
 41827 | D:14     | Noticed Agnes
 41836 | D:14     | Killed Agnes
 41899 | D:14     | Found Ulirchu's Magic Scroll Shop.
 41908 | D:14     | Bought a scroll of blinking for 135 gold pieces
 41908 | D:14     | Bought a scroll of teleportation for 54 gold pieces
 41908 | D:14     | Bought a scroll of teleportation for 54 gold pieces
 41908 | D:14     | Bought a scroll of blinking for 135 gold pieces
 41908 | D:14     | Bought a scroll of magic mapping for 63 gold pieces
 42520 | Vaults:1 | Entered Level 1 of the Vaults
 42568 | D:14     | Reached skill level 17 in Earth Magic
 43040 | Spider:1 | Entered Level 1 of the Spider Nest
 43042 | Spider:1 | Noticed Aizul
 43690 | Lair:2   | Killed Aizul
 44122 | Spider:1 | Identified the +6 long sword "Ojouhabb" {drain, Int+2
                  | Dex+3}
 44709 | D:15     | Entered Level 15 of the Dungeon
 45055 | D:15     | Reached XP level 18. HP: 110/110 MP: 33/35
 45332 | D:15     | Found a staircase to the Depths.
 45381 | D:15     | Found Bilirauz's Antique Armour Shoppe.
 45386 | D:15     | Bought a pair of embroidered gloves for 157 gold pieces
 46911 | Depths:1 | Entered Level 1 of the Depths
 47006 | Depths:1 | Noticed a juggernaut
 47390 | Spider:1 | Noticed Mlioglotl
 48066 | Spider:1 | Killed Mlioglotl
 48233 | Spider:1 | Identified the +1 pair of gloves of Zin's Favour {Str+6
                  | Stlth-}
 48423 | Spider:1 | Learned a level 6 spell: Iron Shot
 48849 | Elf:1    | Entered Level 1 of the Elven Halls
 48876 | Elf:1    | Found a magical portal.
 48881 | WizLab   | Entered Yara's Duelist Academy
 48951 | WizLab   | Noticed a quicksilver dragon
 48959 | WizLab   | Killed a quicksilver dragon
 49357 | WizLab   | Noticed Gatisec
 49590 | WizLab   | Got the Tome of Malediction
 49605 | WizLab   | Learned a level 3 spell: Mephitic Cloud
 49682 | WizLab   | Killed Gatisec the Head Instructor
 50993 | Elf:1    | Reached skill level 18 in Earth Magic
 51157 | Elf:1    | Got the Almanac of Transmutation
 51219 | Elf:1    | Reached XP level 19. HP: 107/116 MP: 18/37
 52131 | Elf:1    | Gained mutation: You occasionally shout uncontrollably at
                  | your foes. [mutagenic glow]
 52140 | Elf:1    | Gained mutation: You frequently scream uncontrollably at
                  | your foes. [mutagenic glow]
 52218 | Elf:1    | Lost mutation: You frequently scream uncontrollably at your
                  | foes. [potion of mutation]
 52218 | Elf:1    | Lost mutation: You occasionally shout uncontrollably at
                  | your foes. [potion of mutation]
 52218 | Elf:1    | Gained mutation: You have sharp toenails. [potion of
                  | mutation]
 52218 | Elf:1    | Gained mutation: Your muscles are strong. (Str +2) [potion
                  | of mutation]
 52530 | Elf:2    | Found Pewipn's Armour Boutique.
 53527 | Elf:3    | Entered Level 3 of the Elven Halls
 53584 | Elf:3    | Found Welul's Weapon Shoppe.
 53584 | Elf:3    | Found Ganlisih's Antique Weapon Emporium.
 55536 | Elf:3    | Identified the +6 falchion "Wumpitra" {antimagic, Str+2}
 55590 | Elf:3    | Identified the amulet "Ceitt" {*Slow rF+ Regen+ Str-4
                  | Dex+5}
 56124 | Elf:3    | Identified the +6 dagger of a Labyrinth {vorpal, Fly rC+}
 56772 | Elf:3    | Reached XP level 20. HP: 123/123 MP: 17/38
 57041 | Elf:3    | Noticed a Tzitzimitl
 57473 | Elf:3    | Got Sif Muna's Incunabulum of Stones and Creation
 57490 | Elf:3    | Identified the +6 hunting sling of Voynu {freeze, Stlth+}
 57517 | Elf:3    | Identified the +4 shortbow "Goblinslayer" {vorpal, rC+}
 57534 | Elf:3    | Identified the +0 helmet of the Slightly Bent {+Blink rC+
                  | Dex-5}
 57537 | Elf:3    | Got Maicokk's Compendium of Fire
 57542 | Elf:3    | Identified the +9 hunting sling of Wyrd {flame, Fly}
 57590 | Elf:3    | Learned a level 9 spell: Shatter
 58374 | Spider:2 | Reached skill level 19 in Earth Magic
 59208 | Elf:1    | Identified a scroll of acquirement
 60625 | Spider:3 | Reached skill level 15 in Spellcasting
 61120 | Spider:4 | Entered Level 4 of the Spider Nest
 63135 | Spider:4 | Reached skill level 10 in Shields
 64003 | Spider:4 | Got a gossamer rune of Zot
 64474 | Depths:1 | Slain by a juggernaut

Illustrated notes

Levels and vault maps discovered:
D:1:      psy_arrival_fountain, layout_basic,
          hellmonk_ecumenical_altar_crossroads
D:2:      layout_basic
D:3:      layout_rooms
D:4:      minmay_chambers_of_twos, layout_loops_corners, zin_treasury
D:5:      layout_basic, slow_altar_2, kennysheep_mini_moat
D:6:      layout_cave_pools, nicolae_gozag_seed_capital,
          mainiacjoe_overflow_alcove_4
D:7:      layout_basic, temple_statues, enter_bailey_8, uniq_joseph, uniq_pikel,
          uniq_harold
D:8:      layout_rooms, minmay_misc_feat_x
D:9:      layout_rooms, david_lair_generic, nicolae_stop_n_shop_2,
          minmay_between, uniq_erica
D:10:     layout_irregular_city, pdpol_wu_jian_five_deadly_venoms,
          hangedman_decor_points, chequers_serial_rivers_small_3
D:11:     layout_roguey, orc_0_dummy, uniq_sonja
D:12:     layout_stronghold, uniq_frances, uniq_erolcha
D:13:     layout_roguey, corexii_leaking_fountain, uniq_maurice
D:14:     layout_stronghold, david_vaults_2, grunt_decor_fettered, serial_shops,
          shop, minivault_11, nicolae_stop_n_shop_2, uniq_agnes
D:15:     hangedman_depths_entry_try_elsewhere_first, layout_loops_corners,
          kennysheep_crisscross, serial_shops, shop_fountains, grunt_tough_drop
Lair:1:   layout_cave_shapes
Lair:2:   layout_cave_pods, swamp_mist, nicolae_spider_entry_orb_guardian
Lair:3:   layout_regular_city, worms_lemuel
Lair:4:   layout_roguey [special_room_mythical_zoo]
Lair:5:   cheibrodos_lair_overgrown_chateau, layout_regular_city,
          portal_ice_cave_entry_pillars_1, serial_bayou_pond_a
Lair:6:   evilmike_catoblepas_cave, layout_long_grid,
          minmay_slime_entry_pillars, nicolae_quartered_pool_little
Swamp:1:  layout_falls_marsh, nicolae_swamp_ascending_descending, uniq_josephine
Swamp:2:  layout_basic_swamp, gammafunk_ghost_abyssal_escape,
          infiniplex_staircase_pool
Swamp:3:  layout_basic_swamp, nicolae_swamp_round_clearing
Swamp:4:  swamp_basic_johnstein, layout_basic_swamp, swamp_pool3,
          uniq_bai_suzhen, uniq_donald
Spider:1: layout_spider_delve, special_room [special_room_bee], drop_trap,
          hellmonk_motheaten_closet, uniq_mlioglotl, uniq_aizul
Spider:2: layout_spider_delve, hangedman_spider_tarantella_strand
Spider:3: layout_spider_delve
Spider:4: floodkiller_spider_rune_tomb
Orc:1:    layout_caves, basic_altar, serial_shops, shop
Orc:2:    st_orc_ogre_mass, layout_caves, elf_legates
Elf:1:    eino_elf_arrival_customs, layout_onion_city,
          infiniplex_enter_wizlab_spiral, evilmike_minifort,
          kilobyte_mutagenic_chamber
Elf:2:    nicolae_elf_blades_splatter_lattice [nooodl_blade_entry_preview],
          layout_loops_corners, minmay_shop_grid_forest,
          hangedman_elf_represent, uniq_nikola
Elf:3:    minmay_elf_hall_four_x, layout_loops_corners, minmay_shoptagon
Vaults:1: nicolae_vaults_network_square, nicolae_vaults_network_periphery,
          vaults_room_grunt_arrival_ludios, hangedman_vaults_stretched_pinwheel,
          vaults_room_large_hall, st_cross, vaults_standard_mumra_x,
          ontoclasm_vaults_idyll, nicolae_vaults_windows_and_doors_thing,
          hangedman_vaults_trim, vaults_room_grid, vaults_room_pool,
          ontoclasm_vaults_gateway, serial_ice_m, layout_vaults_ring
Depths:1: minmay_roctagon, layout_cave_pools, enter_ziggurat_d, pf_coc_iceberg,
          nicolae_concentric_dashed_squares_wild, columned_hall_lemuel,
          minmay_fountain_box, lemuel_flamethrower_3, minmay_shop_grove

Skill      XL: |  1  2  3  4  5  6  7  8  9 10 11 12 13 14 15 16 17 18 19 20 |
---------------+-------------------------------------------------------------+-----
Earth Magic    | 4 5 7 8 9 10 12 13 14 15 16 17 18 19 | 19.7
Fighting       | 1 2 3 4 5 6 7 8 9 10 11 12 13 | 13.0
Armour         | 1 2 3 4 5 6 7 8 9 10 11 12 | 12.6
Conjurations   | 1 2 3 5 6 7 9 10 11 12 13 14 15 16 17 | 17.9
Dodging        | 2 3 4 5 6 |  6.6
Stealth        | 3 4 5 6 7 8 9 10 11 12 13 14 | 14.1
Spellcasting   | 3 4 6 7 8 9 10 11 12 13 14 15 | 15.3
Fire Magic     | 2 4 6 8 9 11 12 | 12.9
Shields        | 3 4 6 7 8 9 10 | 10.0
Transmutations | |  0.7

Action                   |  1- 3 |  4- 6 |  7- 9 | 10-12 | 13-15 | 16-18 | 19-21 || total
-------------------------+-------+-------+-------+-------+-------+-------+-------++-------
Melee: Dagger            |    25 |     9 |       |       |       |     1 |       ||    35
       Punch             |     1 |       |     1 |       |     1 |       |       ||     3
       Short sword       |     5 |     1 |       |       |       |       |       ||     6
       Flail             |       |       |    39 |    29 |    21 |       |       ||    89
       Scimitar          |       |       |       |       |    10 |       |       ||    10
       Morningstar       |       |       |       |       |    98 |    32 |       ||   130
       Long sword        |       |       |       |       |       |    20 |    25 ||    45
 Fire: Shortbow          |       |       |       |       |   107 |       |       ||   107
 Cast: Sandblast         |    60 |    66 |    50 |    93 |   120 |    11 |       ||   400
       Stone Arrow       |       |     1 |    74 |   249 |   647 |   369 |    64 ||  1404
       Fireball          |       |       |       |       |    58 |   361 |    98 ||   517
       Orb of Destructio |       |       |       |       |       |    16 |    10 ||    26
       Blink             |       |       |       |       |       |     7 |       ||     7
       Sticky Flame      |       |       |       |       |       |    36 |     2 ||    38
       Iron Shot         |       |       |       |       |       |    94 |   424 ||   518
       Mephitic Cloud    |       |       |       |       |       |       |     3 ||     3
Evoke: Wand              |       |       |     6 |       |     9 |     6 |       ||    21
       Condenser vane    |       |       |       |       |       |     1 |       ||     1
  Use: Potion            |       |     1 |     6 |     2 |     2 |    14 |     4 ||    29
       Scroll            |       |    10 |     3 |     6 |     4 |    14 |     6 ||    43
 Stab: Sleeping          |     2 |       |       |       |     1 |       |       ||     3
       Paralysed         |       |       |     2 |       |       |       |       ||     2
Armor: Robe              |     7 |       |       |       |       |       |       ||     7
       Leather armour    |     7 |     6 |    35 |    97 |   290 |   369 |   225 ||  1029
       Skin              |       |       |     4 |     4 |       |       |       ||     8
Dodge: Dodged            |    31 |    15 |    79 |   136 |   311 |   386 |   184 ||  1142
Block: Other             |       |       |       |       |    30 |       |       ||    30
       Buckler           |       |       |       |       |    98 |   243 |   143 ||   484
